 Dungeon Crawl Stone Soup version 0.31-a0-1-g4198be8af4 (webtiles) character file.

Game seed: 13528865208973990455

37 bmack86 the Shield-Bearer (level 3, -2/33 HPs)
             Began as a Minotaur Fighter on May 2, 2023.
             Slain by a +2 spectral club (3 damage)
             ... created by Jessica
             ... on level 2 of the Dungeon.
             The game lasted 00:02:08 (635 turns).

bmack86 the Shield-Bearer (Minotaur Fighter)         Turns: 635, Time: 00:02:10

Health: -2/33      AC:  8    Str: 22    XL:     3   Next: 23%
Magic:  2/2        EV: 10    Int:  5    God:
Gold:   111        SH:  4    Dex:  9    Spells: 2/2 levels left

rFire   . . .        a - +0 war axe
rCold   . . .        c - +0 buckler
rNeg    . . .        k - +3 ring mail
rPois   .            (helmet restricted)
rElec   .            (no cloak)
rCorr   .            (no gloves)
SInv    .            (no boots)
Will    .....        (no amulet) Stlth
                     (no ring)
HPRegen 0.25/turn    (no ring)
MPRegen 0.08/turn

%: no passive effects
@: no status effects
A: horns 2, retaliatory headbutt
a: no special abilities


You were on level 2 of the Dungeon.
You visited 1 branch of the dungeon, and saw 2 of its levels.

You collected 111 gold pieces.

Inventory:

Hand Weapons
 a - a +0 war axe (weapon)
Missiles
 j - 6 silver boomerangs (quivered)
Armour
 c - a +0 buckler (worn)
 k - a +3 ring mail (worn)
Scrolls
 e - 4 scrolls of identify {unknown}
 g - a scroll of teleportation {unknown}
Potions
 d - a potion of might
 f - 2 potions of brilliance {unknown}
 h - 2 potions of mutation {unknown}
 i - a potion of haste {unknown}


   Skills:
 + Level 4.0 Fighting
 * Level 3.4 Axes
 + Level 0.0 Throwing
 + Level 4.0 Armour
 + Level 4.0 Shields


You had 2 spell levels left.
You didn't know any spells.
Your spell library was empty.

Dungeon Overview and Level Annotations

Branches:
Dungeon (2/15)

Altars:

Annotations:
D:2 Jessica


Innate Abilities, Weirdness & Mutations

You have a pair of horns on your head.
You reflexively headbutt those who attack you in melee.


Message History

A quokka comes into view.
You closely miss the quokka. Your headbutt misses the quokka.
The quokka misses you.
The quokka bites you but does no damage.
You closely miss the quokka. The quokka barely misses you.
You slash the quokka!
You kill the quokka!
Found 6 gold pieces.
There is an open door here.
You see here a +3 ring mail.
k - a +3 ring mail You start removing your armour.
You continue taking off your +0 scale mail. x4
You finish taking off your +0 scale mail.
You start putting on your armour.
You continue putting on your +3 ring mail. x5
You finish putting on your +3 ring mail.
You drop a +0 scale mail.
There is an open door here.
You now have 111 gold pieces (gained 6).
Jessica the Apprentice Sorceress comes into view.
She is wielding a +2 spectral club.
Jessica shouts!
Jessica mumbles some strange words.
Jessica seems to speed up.
You barely miss Jessica. Jessica casts a spell at you.
Pain shoots through your body!
You barely miss Jessica. Jessica hits you but does no damage.
Jessica hits you with a +2 spectral club. x2
You barely miss Jessica. You headbutt Jessica.
Jessica is moderately wounded.
Jessica casts a spell.
Jessica blinks!
Jessica casts a spell at you. Pain shoots through your body!
* * * LOW HITPOINT WARNING * * *
Jessica hits you with a +2 spectral club.
* * * LOW HITPOINT WARNING * * *
The +2 spectral club hits you.
You die...

#####.#####
#.........#
#.##...##.#
#..........#
#.##...##.##
#.###.###.###.#
#.............
#####.###.###.#
#....@(...#
#####@##### #.#
#.# ... #..
#..# ...#


You could see a +2 spectral club (wandering) and Jessica (fast).

Vanquished Creatures
  A dart slug (D:1)
  4 ball pythons (D:1)
  3 giant cockroaches (D:1)
  3 goblins (D:1)
  5 hobgoblins (D:1)
  3 jackals (D:1)
  2 quokkas
  2 bats (D:1)
  2 frilled lizards (D:1)
  4 kobolds
29 creatures vanquished.

Notes
Turn   | Place    | Note
-------+----------+-------------------------------------------
     0 | D:1      | bmack86 the Minotaur Fighter began the quest for the Orb.
     0 | D:1      | Reached XP level 1. HP: 19/19 MP: 0/0
    39 | D:1      | Reached XP level 2. HP: 27/27 MP: 1/1
   224 | D:1      | Reached XP level 3. HP: 33/33 MP: 2/2
   627 | D:2      | Noticed Jessica
   635 | D:2      | HP: 1/33 [Jessica/+2 spectral club (1)]
   635 | D:2      | Slain by a +2 spectral club

Illustrated notes

Levels and vault maps discovered:
D:1:      nzn_arrival_settlement, layout_rooms, chequers_serial_rivers_micro_c,
          minmay_pentomino_x4
D:2:      layout_loops_corners, basic_altar, mrwooster_statue_mirror,
          roderic_serpentine_path, uniq_sigmund, uniq_jessica

Skill      XL: |  1  2  3 |
---------------+----------+-----
Axes           | 3 |  3.4
Shields        | 4 |  4.0
Fighting       | 4 |  4.0
Armour         | 4 |  4.0

Action                     || total
---------------------------++-------
  Melee: War axe           ||    56
         Headbutt          ||    10
  Throw: Boomerang         ||     1
 Armour: Scale mail        ||    40
         Ring mail         ||     1
  Dodge: Dodged            ||    26
  Block: Buckler           ||    12

Table legend: (Time is in decaauts)
 A = Elapsed time spent in this place.
 B = Non-inter-level travel time spent in this place.
 C = Inter-level travel time spent in this place.
 D = Time resting spent in this place.
 E = Time spent auto-exploring this place.
 F = Levels seen in this place.
 G = Mean time per level.
                   A        B        C        D        E       F      G
               +--------+--------+--------+--------+--------+-----+--------+
         Total |    656 |    623 |     33 |      0 |    416 |   2 |  328.0 |
       Dungeon |    656 |    623 |     33 |      0 |    416 |   2 |  328.0 |
               +--------+--------+--------+--------+--------+-----+--------+

Top non-repeatable levels by time:
     D:1: 541 daAuts
     D:2: 114 daAuts
